AoeStats
← Cinnamoroll

African Clearing

506490375Analyzed
4v4 RM · 18d ago on Sep 13, 2026· 35m 47s· 8 players
Game mode
Random Map
Map size
Large (8 player)
Population
200
Speed
Normal
Resources
Standard
Victory
Conquest
Starting age
Dark Age
Ending age
Imperial Age
RankedLock teamsTeams togetherTeam positionsShared explorationLock speedFull tech treeHidden civsTurbo modeCheats
Victory
Defeat
🇫🇷 Gurjaras · France
1747
+8
🇫🇷 Turks · France
1728
+9
🇫🇷 Celts · France
1712
+10
🇫🇷 Chinese · France
1673
+11
🇨🇳 Khitans · China
1623
-11
🇹🇷 Malay · Türkiye
1570
-10
🇲🇽 Dravidians · Mexico
1547
-9
🇨🇦 Portuguese · Canada
1528
-8
SimmaHem7912
9:29 Loom
11:48 Feudal Age
12:17 Double-Bit Axe
13:27 Fletching
16:09 Horse Collar
20:31 Wheelbarrow
20:45 Man-at-Arms
21:41 Scale Mail Armor
27:39 Castle Age
25:53 Stone Mining
26:57 Gold Mining
28:52 Bodkin Arrow
Cinnamoroll
10:06 Loom
12:18 Feudal Age
12:44 Double-Bit Axe
18:26 Padded Archer Armor
20:26 Fletching
27:10 Castle Age
28:08 Leather Archer Armor
27:20 Elite Skirmisher
30:40 Sanctity
30:15 Gold Mining
30:17 Horse Collar
32:03 Redemption
34:14 Pikeman
Immortals
12:48 Feudal Age
12:08 Loom
16:39 Castle Age
15:13 Double-Bit Axe
16:34 Forging
16:49 Light Cavalry
17:21 Domestication
19:16 Bow Saw
21:58 Scale Barding Armor
22:40 Pastoralism
24:13 Wheelbarrow
23:25 Town Watch
24:24 Iron Casting
28:31 Scale Mail Armor
30:32 Chain Mail Armor
33:10 Squires
35:06 Fletching
38:16 Imperial Age
Itgetsdarker
11:56 Feudal Age
12:12 Double-Bit Axe
13:56 Loom
17:54 Castle Age
20:21 Horse Collar
31:56 Wheelbarrow
31:06 Town Watch
36:01 Imperial Age
34:38 Hand Cart
34:08 Town Watch
34:27 Husbandry
35:30 Scale Barding Armor
35:35 Forging
35:17 Fletching
Roronoa Yolo
3:28 Loom
11:48 Feudal Age
14:32 Double-Bit Axe
16:48 Fletching
21:44 Castle Age
19:50 Padded Archer Armor
20:19 Horse Collar
20:34 Gold Mining
23:13 Bow Saw
23:08 Heavy Plow
24:31 Wheelbarrow
29:11 Gold Shaft Mining
31:30 Hand Cart
31:59 Sanctity
34:43 Imperial Age
32:08 Stone Mining
34:32 Stone Shaft Mining
33:56 Bodkin Arrow
34:16 Leather Archer Armor
34:04 Scale Mail Armor
34:15 Forging
34:42 Town Watch
35:01 Squires
34:46 Arson
35:54 Chain Mail Armor
35:10 Capped Ram
Kimbo
9:23 Loom
11:12 Feudal Age
11:41 Loom
12:03 Double-Bit Axe
15:07 Fletching
18:21 Scale Mail Armor
22:15 Arson
27:16 Castle Age
25:57 Stone Mining
27:32 Crossbowman
28:07 Bodkin Arrow
34:03 Wheelbarrow
Danslecochontoutestbon
10:37 Loom
12:54 Feudal Age
13:55 Double-Bit Axe
16:52 Castle Age
17:51 Bow Saw
20:48 Horse Collar
24:57 Wheelbarrow
24:32 Gold Mining
25:58 Stone Mining
27:51 Hand Cart
31:06 Imperial Age
28:24 Town Watch
29:06 Scale Barding Armor
30:15 Chain Barding Armor
30:06 Forging
30:44 Bloodlines
30:34 Husbandry
31:21 Fletching
33:02 Plate Barding Armor
33:55 Heavy Plow
Kiddo
3:50 Loom
11:21 Feudal Age
11:59 Double-Bit Axe
15:45 Forging
16:06 Scale Barding Armor
16:13 Bloodlines
21:39 Castle Age
23:11 Chain Barding Armor
24:29 Bow Saw
24:38 Husbandry
25:16 Horse Collar
33:16 Wheelbarrow
Connection lost

Rejoining the realm…

Still unreachable

The connection could not be restored.

Session expired

The server has moved on; the page needs a fresh start.